 Dungeon Crawl Stone Soup version 0.23.2-30-g0e89c35649 (webtiles) character file.

Game seed: 11927888664227254453

23684 KamiKatze the Thaumaturge (level 12, 0/61 HPs)
             Began as a Spriggan Conjurer on June 18, 2019.
             Was an Elder of Vehumet.
             Slain by a hog (13 damage)
             ... led by Kirke
             ... on level 4 of the Lair of Beasts on June 19, 2019.
             The game lasted 02:09:15 (20041 turns).

KamiKatze the Thaumaturge (Spriggan Conjurer)      Turns: 20041, Time: 02:09:16

Health: 0/61       AC:  5    Str:  4    XL:     12   Next: 74%
Magic:  29/29      EV: 28    Int: 21    God:    Vehumet [****..]
Gold:   846        SH:  3    Dex: 17    Spells: 14/36 levels left

rFire    . . .     SeeInvis +   a - +12 whip "Tofaih" {slash, rN+ MR+}
rCold    . . .     Gourm    .   (shield restricted)
rNeg     + . .     Faith    .   u - +0 robe
rPois    +         Spirit   .   (helmet restricted)
rElec    .         Reflect  +   V - +2 cloak
rCorr    .         Harm     .   (gloves unavailable)
MR       +++..                  (boots unavailable)
Stlth    ++++......             l - +3 amulet of reflection
HPRegen  0.20/turn              B - ring of poison resistance
MPRegen  0.21/turn              n - +6 ring of evasion

@: very quick
A: very small, unfitting armour, see invisible, herbivore, speed 3, slow
metabolism 2
a: Renounce Religion


You were on level 4 of the Lair of Beasts.
You worshipped Vehumet.
Vehumet was greatly pleased with you.
You were not hungry.

You visited 3 branches of the dungeon, and saw 16 of its levels.

You collected 846 gold pieces.

Inventory:

Hand Weapons
 a - the +12 whip "Tofaih" (weapon) {slash, rN+ MR+}
   (You found it on level 9 of the Dungeon)

   It inflicts extra damage upon your enemies.
   It protects you from negative energy.
   It affects your resistance to hostile enchantments.
 b - a +0 blowgun
 q - a +1 dagger of venom
Missiles
 d - 228 arrows
 f - 355 stones (quivered)
 s - 2 curare-tipped needles
 C - 8 tomahawks
 G - 2 throwing nets
 P - 90 poisoned needles
Armour
 i - a scarf of cloud immunity
 u - a +0 robe (worn)
 V - a +2 cloak (worn)
Magical Staves
 R - an uncursed staff of poison
Jewellery
 g - an uncursed ring of resist corrosion
 l - a +3 amulet of reflection (around neck)
 n - a +6 ring of evasion (right hand)
 A - an uncursed ring of protection from magic
 B - a ring of poison resistance (left hand)
 M - an uncursed ring of protection from fire
Wands
 r - a wand of polymorph (27)
 x - a wand of flame (17)
 y - a wand of scattershot (1)
 E - a wand of acid (10)
 L - a wand of paralysis (7)
 Q - a wand of iceblast (18)
Scrolls
 e - 6 scrolls of remove curse
 j - 5 scrolls of magic mapping
 k - 2 scrolls of amnesia
 z - a scroll of enchant armour
 D - a scroll of fog
Potions
 h - 8 potions of curing
 o - 2 potions of might
 p - a potion of haste
 t - a potion of agility
 v - a potion of cancellation {unknown}
 I - 2 potions of ambrosia {unknown}
 J - a potion of heal wounds {unknown}
 N - 2 potions of lignification
 O - 3 potions of flight
 W - a potion of invisibility {unknown}
Comestibles
 c - 14 rations


   Skills:
 + Level 6.3 Fighting
 - Level 6.0 Short Blades
 * Level 4.7 Maces & Flails
 + Level 6.7 Dodging
 + Level 6.8 Stealth
 * Level 12.9 Spellcasting
 - Level 8.1 Conjurations
 - Level 7.2 Hexes
 - Level 5.0 Translocations
 + Level 5.9 Air Magic
 - Level 2.1 Evocations


You had 14 spell levels left.
You knew the following spells:

 Your Spells              Type           Power        Failure   Level  Hunger
a - Magic Dart            Conj           ####         1%          1    None
b - Searing Ray           Conj           #####.       1%          2    None
c - Dazzling Spray        Conj/Hex       #####.       1%          3    None
d - Iskenderun's Mystic   Conj           #####...     1%          4    None
e - Fulminant Prism       Conj/Hex       #####.....   1%          4    None
f - Force Lance           Conj/Tloc      #####...     1%          4    None
g - Airstrike             Air            #####.....   1%          4    None

Your spell library contained the following spells:

 Spells                   Type           Power        Failure   Level  Hunger
 Irradiate                Conj/Tmut      ####......   7%          5    ####...
 Corona                   Hex            #####..      1%          1    None
 Slow                     Hex            #####...     1%          2    None
 Inner Flame              Hex/Fire       ####....     1%          3    None
 Portal Projectile        Hex/Tloc       #####.       1%          3    None
 Cause Fear               Hex            #####.....   2%          4    None
 Summon Butterflies       Summ           ##......     4%          1    None
 Leda's Liquefaction      Hex/Erth       ####......   11%         4    None
 Call Canine Familiar     Summ           ##......     14%         3    None
 Summon Mana Viper        Hex/Summ       ####....     30%         5    ####...
 Summon Ice Beast         Ice/Summ       ##......     43%         4    None
 Summon Hydra             Summ           ##........   100%        7    #######


Dungeon Overview and Level Annotations

Branches:
Dungeon (11/15)            Temple (1/1) D:7            Lair (4/6) D:9
  Snake (0/4) Lair:3
  Swamp: Lair:2-4    Shoals: Lair:2-4       Orc: D:9-12

Altars:
Ashenzari
Cheibriados
Dithmenos
Elyvilon
Fedhas
Gozag
Hepliaklqana
Kikubaaqudgha
Makhleb
Nemelex Xobeh
Okawaru
Qazlal
Ru
Sif Muna
Trog
Uskayaw
Vehumet
Wu Jian
Xom
Yredelemnul
Zin
The Shining One

Annotations:
D:7 exclusion: cyclops
D:8 2 transporters, Brecoman's ghost, novice MfSk
D:11 exclusion: shadow, Nergalle
Lair:1 3 runed translucent doors, Baolois's ghost, novice GrBe; Betimel's ghost, journeyman MfGl; Iniga's ghost, journeyman DsGl; Kekhinka's ghost, journeyman MiBe; Weom's ghost, journeyman DrCj
Lair:2 exclusion: oklob plant
Lair:3 exclusion: 3 oklob plants
Lair:4 Kirke


Innate Abilities, Weirdness & Mutations

You are very small and have problems with some larger weapons.
You are too small for most types of armour.
You have supernaturally acute eyesight. (SInv)
You are a herbivore.
You cover ground extremely quickly.
You need to consume almost no food.


Message History

You hit the elephant.
The elephant is moderately wounded.
The elephant closely misses you. The elephant trunk-slaps you.
The hog squeals angrily.
You whack the elephant!
The elephant is moderately wounded.
The elephant tramples you but does no damage.
The elephant trunk-slaps you but does no damage.
There is a stone staircase leading up, spattered with blood here.
The elephant tramples you!
You stumble backwards!
You stop ascending the stairs.
The elephant tramples you!
* * * LOW HITPOINT WARNING * * *
You stumble backwards!
Things that are here:
a porcupine corpse; a hog corpse A hog comes into view.
The hog closely misses you. The hog bites you!
You die...

. #.?.#.....# .. .....
..#....8.<.8#.. #..#
.....÷......#..#.. . #..##
.....Y##...#.##...#. ##..######
..#D...##+.#..#..#.#### #........
....###D....###.....#.####..#....
..##.#.#.......###...#....#.#....
.......Y.............+...........
[8...+..Y8.#..l.@8...#.......P...
...$.#.#...#....h........##....#.
...# #.#...#.#..##...#.....###...
... ##.....#†#.....####....####.
########...##.####@## ###......P
#....###....#..D.Y..# #...#...
......#.....#...<..## ######..
#.....#8.>.8#......# #..
#.....#.....#..##†## ###


You could see a komodo dragon (wandering) and a hog.

Vanquished Creatures
  Harold (D:7)
  Erica (D:8)
  A hydra (Lair:3)
  A queen ant (Lair:3)
  Urug (Lair:1)
  An unseen horror (D:11)
  A lindwurm (Lair:3)
  An ugly thing (D:7)
  A centaur zombie (D:10)
  A black mamba (Lair:4)
  2 elephants
  Maurice (D:9)
  Psyche (D:9)
  A torpor snail (Lair:4)
  4 spiny frogs
  A kobold demonologist (D:7)
  A rime drake (Lair:2)
  2 komodo dragons (Lair:3)
  A troll (D:9)
  Prince Ribbit (D:4)
  A polar bear (Lair:3)
  Grinder (D:5)
  5 blink frogs (Lair:3)
  5 hippogriffs
  A spriggan (Lair:1)
  11 yaks
  Eustachio (D:4)
  A wyvern (D:10)
  A hog (Lair:4)
  2 basilisks (Lair:4)
  A hungry ghost (D:10)
  Edmund (D:4)
  4 nagas (Lair:3)
  5 soldier ants (Lair:3)
  4 water moccasins
  Duvessa (D:6)
  9 porcupines
  A black bear (D:9)
  3 orc warriors
  2 ice beasts
  A sky beast (D:10)
  10 ogres
  2 phantoms
  10 wolves
  3 centaurs
  7 crocodiles
  5 big kobolds
  15 bullfrogs
  Dowan (D:6)
  A scorpion (D:4)
  8 wights
  4 howler monkeys
  5 crimson imps
  A bullfrog zombie (D:10)
  7 hounds
  A quasit (D:10)
  3 orc priests
  3 jellies
  5 orc wizards
  Natasha (thrice) (D:3)
  3 iguanas
  33 worker ants
  2 hound skeletons
  A worker ant zombie (D:9)
  11 adders
  4 shadow imps
  4 oozes
  An adder skeleton (D:7)
  2 adder zombies
  A worm (D:3)
  6 dart slugs
  3 leopard geckos
  23 orcs
  8 bats
  4 giant cockroaches
  2 gnoll zombies (D:9)
  14 goblins
  7 hobgoblins
  21 jackals
  25 kobolds
  8 quokkas
  2 ball pythons
  5 frilled lizards
  A leopard gecko skeleton (D:4)
  2 quokka zombies
  11 rats
  5 plants (Lair:1)
389 creatures vanquished.

Vanquished Creatures (others)
  A worker ant zombie (D:7)
  29 fulminant prisms
  32 fungi
  14 plants
76 creatures vanquished.

Grand Total: 465 creatures vanquished

Notes
Turn   | Place    | Note
-------+----------+-------------------------------------------
     0 | D:1      | KamiKatze the Spriggan Conjurer began the quest for the
                  | Orb.
     0 | D:1      | Reached XP level 1. HP: 9/9 MP: 5/5
   193 | D:1      | Reached skill level 3 in Spellcasting
   217 | D:1      | Reached XP level 2. HP: 13/13 MP: 4/7
   449 | D:1      | Learned a level 2 spell: Searing Ray
   577 | D:1      | Reached XP level 3. HP: 17/17 MP: 8/8
   628 | D:1      | Reached skill level 1 in Short Blades
  1123 | D:2      | Found a glowing golden altar of the Shining One.
  1168 | D:2      | Found an iron altar of Okawaru.
  1172 | D:2      | Found a sacrificial altar of Ru.
  1198 | D:2      | Learned a level 3 spell: Dazzling Spray
  1337 | D:2      | Reached XP level 4. HP: 11/21 MP: 3/10
  1718 | D:2      | Reached skill level 4 in Spellcasting
  2008 | D:2      | Learned a level 4 spell: Iskenderun's Mystic Blast
  2078 | D:2      | Reached skill level 1 in Fighting
  2226 | D:2      | Reached XP level 5. HP: 18/25 MP: 10/12
  2528 | D:2      | Found a faded altar of an unknown god.
  2878 | D:3      | Noticed Natasha
  2894 | D:3      | Killed Natasha
  3168 | D:3      | Noticed Natasha
  3172 | D:3      | Killed Natasha
  3373 | D:3      | Noticed Natasha
  3384 | D:3      | Killed Natasha
  3846 | D:4      | Reached XP level 6. HP: 30/30 MP: 8/14
  4114 | D:4      | Noticed Edmund
  4147 | D:4      | Killed Edmund
  4147 | D:4      | Reached skill level 5 in Spellcasting
  4432 | D:4      | Reached XP level 7. HP: 29/35 MP: 7/16
  4763 | D:5      | Entered Level 5 of the Dungeon
  4766 | D:5      | Found an opulent altar of Gozag.
  4779 | D:5      | Reached skill level 6 in Spellcasting
  4798 | D:5      | Found a white marble altar of Elyvilon.
  4801 | D:5      | Noticed Eustachio
  4827 | D:4      | Reached skill level 1 in Hexes
  4927 | D:5      | Found a bloodstained altar of Trog.
  5252 | D:5      | Noticed Prince Ribbit
  5367 | D:4      | Killed Prince Ribbit
  5367 | D:4      | Reached skill level 7 in Spellcasting
  5367 | D:4      | Reached skill level 5 in Conjurations
  5367 | D:4      | Reached XP level 8. HP: 23/39 MP: 5/19
  5696 | D:4      | Killed Eustachio
  5754 | D:5      | Noticed Grinder
  5761 | D:5      | Found a shadowy altar of Dithmenos.
  5774 | D:5      | Paralysed by Grinder for 2 turns
  5920 | D:6      | Learned a level 4 spell: Fulminant Prism
  5925 | D:6      | Learned a level 4 spell: Force Lance
  6230 | D:6      | Noticed Duvessa
  6260 | D:5      | Killed Grinder
  6260 | D:5      | Reached skill level 8 in Spellcasting
  6499 | D:6      | Noticed Dowan
  6508 | D:6      | Killed Dowan
  6627 | D:5      | Reached XP level 9. HP: 44/44 MP: 9/22
  6954 | D:6      | Killed Duvessa
  7051 | D:6      | Reached skill level 1 in Evocations
  7210 | D:7      | Found a shimmering altar of Xom.
  7211 | D:7      | Found a shimmering altar of Xom.
  7211 | D:7      | Found a shimmering altar of Xom.
  7276 | D:7      | Found an iron altar of Okawaru.
  7413 | D:7      | Found a blossoming altar of Fedhas.
  7556 | D:7      | Reached skill level 9 in Spellcasting
  7791 | D:7      | Found a staircase to the Ecumenical Temple.
  7799 | Temple   | Entered the Ecumenical Temple
  8006 | Temple   | Became a worshipper of Vehumet
  8426 | D:7      | Noticed a green ugly thing
  8455 | D:7      | Reached skill level 5 in Hexes
  8500 | D:7      | Noticed Harold
  9114 | D:7      | Killed Harold
  9114 | D:7      | Reached skill level 10 in Spellcasting
  9134 | D:7      | Reached XP level 10. HP: 33/51 MP: 10/25
  9627 | D:8      | Found a transporter.
  9641 | D:8      | Noticed a moth of wrath
  9657 | D:8      | Found a transporter.
  9660 | D:8      | Noticed Brecoman's ghost (novice MfSk)
  9661 | D:8      | Noticed a catoblepas
  9842 | D:8      | Noticed Erica
  9977 | D:8      | Killed Erica
  9977 | D:8      | Reached skill level 1 in Translocations
 10340 | D:8      | Reached * piety under Vehumet
 10340 | D:8      | Offered knowledge of Shock by Vehumet.
 10648 | D:7      | Killed a green ugly thing
 10648 | D:7      | Reached skill level 5 in Short Blades
 10903 | D:7      | Noticed a cyclops
 10948 | D:9      | Noticed Psyche
 10980 | D:9      | Reached skill level 5 in Fighting
 11089 | D:9      | Found a sparkling altar of Nemelex Xobeh.
 11284 | D:9      | Got a fine whip
 11285 | D:9      | Identified the +12 whip "Tofaih" {slash, rN+ MR+} (You
                  | found it on level 9 of the Dungeon)
 11424 | D:9      | Noticed Maurice
 11623 | D:9      | Reached skill level 11 in Spellcasting
 11636 | D:9      | Reached ** piety under Vehumet
 11636 | D:9      | Offered knowledge of Sting by Vehumet.
 11670 | D:9      | Killed Psyche
 11706 | D:9      | Found a staircase to the Lair.
 11738 | D:9      | Reached skill level 1 in Maces & Flails
 11968 | D:9      | Reached XP level 11. HP: 56/56 MP: 22/27
 12142 | D:9      | Killed Maurice
 12305 | D:9      | Found a basalt altar of Yredelemnul.
 12522 | D:10     | Entered Level 10 of the Dungeon
 12666 | D:10     | Offered knowledge of Static Discharge by Vehumet.
 12948 | D:10     | Reached *** piety under Vehumet
 13283 | D:11     | Noticed an unseen horror
 13295 | D:11     | Killed an unseen horror
 13416 | D:11     | Noticed Nergalle
 13592 | D:11     | Noticed a purple ugly thing
 13695 | Lair:1   | Entered Level 1 of the Lair of Beasts
 13879 | Lair:1   | Found a runed translucent gate.
 13880 | Lair:1   | Found a runed translucent gate.
 13880 | Lair:1   | Found a runed translucent gate.
 13880 | Lair:1   | Noticed Baolois's ghost (novice GrBe)
 13880 | Lair:1   | Noticed Kekhinka's ghost (journeyman MiBe)
 13880 | Lair:1   | Noticed Iniga's ghost (journeyman DsGl)
 13881 | Lair:1   | Noticed Weom's ghost (journeyman DrCj)
 13881 | Lair:1   | Noticed Betimel's ghost (journeyman MfGl)
 13973 | Lair:1   | Found a gate leading to a gauntlet.
 14667 | Lair:1   | Reached skill level 5 in Translocations
 14668 | Lair:1   | Offered knowledge of Airstrike by Vehumet.
 14676 | Lair:1   | Learned a level 4 spell: Airstrike
 14825 | Lair:1   | Noticed Urug
 14904 | Lair:1   | Killed Urug
 15870 | Lair:2   | Noticed an oklob plant
 17163 | Lair:3   | Noticed a queen ant
 17188 | Lair:3   | Reached skill level 5 in Air Magic
 17345 | Lair:2   | Reached XP level 12. HP: 46/60 MP: 1/28
 17530 | Lair:3   | Reached **** piety under Vehumet
 17530 | Lair:3   | Reached skill level 5 in Dodging
 17530 | Lair:3   | Reached skill level 12 in Spellcasting
 17708 | Lair:3   | Reached skill level 5 in Stealth
 17786 | Lair:3   | Found a staircase to the Snake Pit.
 18039 | Lair:3   | Offered knowledge of Irradiate by Vehumet.
 18119 | Lair:3   | Killed a queen ant
 18749 | Lair:4   | Noticed a six-headed hydra
 19294 | Lair:3   | Killed a six-headed hydra
 20020 | Lair:4   | Noticed Kirke
 20041 | Lair:4   | Slain by a hog

Skill      XL: |  1  2  3  4  5  6  7  8  9 10 11 12 |
---------------+-------------------------------------+-----
Conjurations   | 3 4 5 6 7 8 |  8.1
Spellcasting   | 3 4 5 7 8 10 11 12 | 12.9
Short Blades   | 1 2 3 4 6 |  6.0
Fighting       | 1 2 3 4 5 6 |  6.3
Hexes          | 2 4 5 6 7 |  7.2
Evocations     | 2 |  2.1
Translocations | 3 5 |  5.0
Maces & Flails | 1 2 4 |  4.7
Stealth        | 4 6 |  6.8
Dodging        | 4 6 |  6.7
Air Magic      | 5 |  5.9

Action                   |  1- 3 |  4- 6 |  7- 9 | 10-12 || total
-------------------------+-------+-------+-------+-------++-------
Melee: Dagger            |    73 |   176 |    44 |    13 ||   306
       Rapier            |       |       |   198 |   172 ||   370
       Whip              |       |       |       |   497 ||   497
 Fire: Blowgun           |       |       |       |    20 ||    20
 Cast: Magic Dart        |    63 |   101 |   110 |   145 ||   419
       Searing Ray       |       |    11 |    41 |    38 ||    90
       Dazzling Spray    |       |       |    17 |    23 ||    40
       Fulminant Prism   |       |       |     2 |    27 ||    29
       Iskenderun's Myst |       |       |       |    70 ||    70
       Airstrike         |       |       |       |    41 ||    41
       Force Lance       |       |       |       |     9 ||     9
  Use: Scroll            |       |     5 |     8 |    15 ||    28
       Potion            |       |       |       |     1 ||     1
 Stab: Sleeping          |     5 |     7 |     8 |    10 ||    30
       Distracted        |       |     1 |       |     1 ||     2
       Invisible         |       |       |     7 |     3 ||    10
  Eat: Ration            |       |     1 |     2 |     6 ||     9
Armor: Robe              |    12 |     4 |    10 |    34 ||    60
Dodge: Dodged            |    70 |   169 |   252 |   710 ||  1201
Block: Other             |       |       |       |    37 ||    37
       Reflection        |       |       |       |     1 ||     1
